 Dungeon Crawl Stone Soup version 0.30-a0-782-ge64f9170bb (webtiles) character file.

Game seed: 4781604371895225625

44 mopl the Magician (level 3, -2/24 HPs)
             Began as a Mummy Fire Elementalist on Mar 4, 2023.
             Slain by Terence
             ... wielding a +0 trident
              (6 damage)
             ... on level 2 of the Dungeon.
             The game lasted 00:02:02 (1024 turns).

mopl the Magician (Mummy Fire Elementalist)         Turns: 1024, Time: 00:02:03

Health: -2/24      AC:  3    Str: 17    XL:     3   Next: 41%
Magic:  0/7        EV: 12    Int: 16    God:
Gold:   84         SH:  0    Dex: 12    Spells: 2/8 levels left

rFire   x . .      SeeInvis .    (no weapon)
rCold   + . .      Faith    +    (no shield)
rNeg    + + +      Spirit   .    a - +0 robe
rPois   ∞          Reflect  .    (no helmet)
rElec   .          Harm     .    (no cloak)
rCorr   .          Rampage  .    c - +0 pair of gloves
Will    .....                    (no boots)
Stlth   ++                       (no amulet)
HPRegen 0.24/turn                b - +6 ring of strength
MPRegen 0.10/turn                (no ring)

@: no status effects
A: cold resistance 1, negative energy resistance 3, torment resistance 2, heat
vulnerability 1, in touch with death 1, no potions, faith
a: no special abilities


You were on level 2 of the Dungeon.
You visited 1 branch of the dungeon, and saw 2 of its levels.

You collected 84 gold pieces.

Inventory:

Armour
 a - a +0 robe (worn)
 c - a +0 pair of gloves (worn)
Jewellery
 b - a +6 ring of strength (left hand)
Wands
 f - a wand of iceblast (13)
Scrolls
 d - a scroll of teleportation {unknown}
 e - a scroll of identify {unknown}


   Skills:
 - Level 1.5 Dodging
 - Level 1.5 Stealth
 + Level 3.4 Spellcasting
 + Level 1.6 Conjurations
 + Level 0.1 Translocations
 + Level 2.9 Fire Magic


You had 2 spell levels left.
You knew the following spells:

 Your Spells              Type           Power      Damage    Failure   Level
a - Foxfire               Conj/Fire      40%        2x1d6     7%          1
b - Scorch                Fire           24%        2d6       9%          2
c - Kindle Blastsparks    Fire/Tloc/Air  12%        2d11      34%         3

Your spell library contained the following spells:

 Spells                   Type           Power      Damage    Failure   Level
 Freeze                   Ice            8%         1d3       19%         1
 Inner Flame              Hex/Fire       7%         N/A       30%         3
 Hailstorm                Conj/Ice       5%         3d4       36%         3
 Frozen Ramparts          Ice            4%         1d1       47%         3
 Flame Wave               Conj/Fire      10%        2d6       56%         4


Dungeon Overview and Level Annotations

Branches:
Dungeon (2/15)

Altars:

Annotations:
D:2 Terence


Innate Abilities, Weirdness & Mutations

You are immune to poison.
Your flesh is cold resistant. (rC+)
You are immune to negative energy. (rN+++)
You are immune to unholy pain and torment.
You are vulnerable to heat. (rF-)
You are in touch with the powers of death.
You do not drink.
You have a special connection with the divine. (Faith)


Message History

You start resting.
Magic restored.
You see here an adder corpse.
Found a throwing net.
No target in view!
Terence the Incautious comes into view.
He is wielding a +0 trident.
Terence shouts!
You see here a throwing net.
You conjure some foxfire!
You conjure some foxfire!
The foxfire hits Terence but does no damage. x2
Terence asks, "Do you want it fast or slow?"
Terence barely misses you.
You conjure some foxfire!
Terence hits you from afar with a +0 trident!
Ouch! That really hurt!
You are too injured to fight recklessly!
You are too injured to fight recklessly!
You are too injured to fight recklessly!
Casting: Foxfire (safe; 7% risk of failure)
Confirm with . or Enter, or press ? or * to list all spells.
Flames lash Terence.
Terence is lightly wounded.
Terence's fire resistance burns away.
The foxfire hits Terence but does no damage.
Terence is lightly wounded.
The foxfire hits Terence.
Terence is moderately wounded.
The foxfire hits Terence.
Terence is moderately wounded.
The foxfire hits Terence!
Terence is burned terribly!
Terence is severely wounded.
Terence hits you from afar with a +0 trident!
* * * LOW HITPOINT WARNING * * *
Casting: Scorch (safe; 9% risk of failure)
Confirm with . or Enter, or press ? or * to list all spells.
Flames lash Terence.
Terence is burned terribly!
Terence is almost dead.
Terence hits you from afar with a +0 trident.
You die...

#.####### .. #. #.#
#.# ..####) #.# #.#
#.....< #.# #.# #
..####. #.# #.# #.#
#. #.# #.#
....##.#####.
#.########§##.....
........
#........(§:@.....
..#.###.
#########.@.......
..#.# #.
#..##.....##.#.###.
#.....#... .....!..
#.###.#.## #.#.####
#.# #.#.# #.# # #.#
#.#.# #.#.####
#.###.#.# #.#.....
#.#..>..# ##.######
#######†#.....#
#..# #


You could see Terence (combustible).

Vanquished Creatures
  2 adders (D:2)
  5 endoplasms
  3 giant cockroaches (D:2)
  2 goblins
  2 hobgoblins
  A quokka (D:2)
  4 ball pythons (D:1)
  2 bats (D:2)
  A frilled lizard (D:2)
  A kobold (D:2)
  3 rats
26 creatures vanquished.

Vanquished Creatures (others)
  80 foxfires
80 creatures vanquished.

Grand Total: 106 creatures vanquished

Notes
Turn   | Place    | Note
-------+----------+-------------------------------------------
     0 | D:1      | mopl the Mummy Fire Elementalist began the quest for the
                  | Orb.
     0 | D:1      | Reached XP level 1. HP: 13/13 MP: 4/4
   101 | D:1      | Reached skill level 1 in Conjurations
   256 | D:1      | Reached skill level 3 in Spellcasting
   256 | D:1      | Reached XP level 2. HP: 19/19 MP: 1/6
   259 | D:1      | Learned a level 2 spell: Scorch
   636 | D:2      | Gained mutation: You are in touch with the powers of death.
                  | [Mummy growth]
   636 | D:2      | Reached XP level 3. HP: 22/24 MP: 2/7
   705 | D:2      | Learned a level 3 spell: Kindle Blastsparks
  1017 | D:2      | Noticed Terence
  1024 | D:2      | Slain by Terence

Illustrated notes

Levels and vault maps discovered:
D:1:      dpeg_arrival_shelter, layout_rooms, minmay_fountain_box
D:2:      layout_loops_ring, uniq_sigmund, uniq_crazy_yiuf_cottage, uniq_terence

Skill      XL: |  1 |
---------------+----+-----
Conjurations   | 1 |  1.6
Spellcasting   | 3 |  3.4
Dodging        | |  1.5
Stealth        | |  1.5
Translocations | |  0.1
Fire Magic     | |  2.9

Action                     || total
---------------------------++-------
  Melee: Unarmed           ||    28
   Cast: Foxfire           ||    60
         Scorch            ||     2
 Armour: Robe              ||    19
  Dodge: Dodged            ||    47

Table legend: (Time is in decaauts)
 A = Elapsed time spent in this place.
 B = Non-inter-level travel time spent in this place.
 C = Inter-level travel time spent in this place.
 D = Time resting spent in this place.
 E = Time spent auto-exploring this place.
 F = Levels seen in this place.
 G = Mean time per level.
                   A        B        C        D        E       F      G
               +--------+--------+--------+--------+--------+-----+--------+
         Total |   1023 |   1017 |      6 |    157 |    596 |   2 |  511.5 |
       Dungeon |   1023 |   1017 |      6 |    157 |    596 |   2 |  511.5 |
               +--------+--------+--------+--------+--------+-----+--------+

Top non-repeatable levels by time:
     D:2: 531 daAuts
     D:1: 491 daAuts
